 Dungeon Crawl Stone Soup version 0.30.1-3-gfc49f6343a (webtiles) character file.

Game seed: 7086964874221164077

249 spardeous the Conjurer (level 5, -6/38 HPs)
             Began as a Demigod Conjurer on Aug 7, 2023.
             Killed from afar by Dowan (9 damage)
             ... with a puff of flame
             ... on level 4 of the Dungeon.
             The game lasted 00:02:28 (3967 turns).

spardeous the Conjurer (Demigod Conjurer)           Turns: 3967, Time: 00:02:29

Health: -6/38      AC:  3    Str:  8    XL:     5   Next: 56%
Magic:  4/13       EV: 12    Int: 24    God:
Gold:   163        SH:  0    Dex: 12    Spells: 8/11 levels left

rFire   . . .        (no weapon)
rCold   . . .        (no shield)
rNeg    + . .        a - +0 robe
rPois   .            (no helmet)
rElec   .            f - +0 cloak
rCorr   .            (no gloves)
SInv    .            (no boots)
Will    .....        (no amulet)
Stlth   ++           h - ring of positive energy
HPRegen 0.26/turn    (no ring)
MPRegen 0.13/turn

%: no passive effects
@: no status effects
A: high MP 1, forlorn, divine attributes
a: no special abilities


You were on level 4 of the Dungeon.
You visited 1 branch of the dungeon, and saw 4 of its levels.

You collected 163 gold pieces.

Inventory:

Armour
 a - a +0 robe (worn)
 f - a +0 cloak (worn)
Jewellery
 h - a ring of positive energy (left hand)
Scrolls
 c - 2 scrolls of identify {unknown}
 d - 2 scrolls of magic mapping {unknown}
 e - 3 scrolls of teleportation {unknown}
 j - a scroll of amnesia {unknown}
 l - a scroll of noise {unknown}
 n - a scroll of poison {unknown}
Potions
 b - a potion of magic
 g - a potion of cancellation {unknown}
 i - a potion of curing {unknown}
 k - a potion of ambrosia {unknown}
 m - a potion of mutation {unknown}


   Skills:
 - Level 1.7 Dodging
 - Level 1.7 Stealth
 + Level 3.9 Spellcasting
 + Level 5.2 Conjurations


You had 8 spell levels left.
You knew the following spells:

 Your Spells              Type           Power      Damage    Failure   Level
a - Magic Dart            Conj           100%       1d8       1%          1
b - Searing Ray           Conj           60%        2d6       1%          2

Your spell library contained the following spells:

 Spells                   Type           Power      Damage    Failure   Level
 Slow                     Hex            16%        N/A       10%         1
 Dazzling Flash           Conj/Hex       34%        N/A       10%         3
 Stone Arrow              Conj/Erth      34%        3d9       10%         3
 Confusing Touch          Hex            4%         N/A       30%         3
 Vampiric Draining        Necr           4%         2d6       30%         3
 Fulminant Prism          Conj/Hex       8%         3d7       32%         4
 Iskenderun's Mystic Bla  Conj/Tloc      17%        2d5       32%         4
 Animate Armour           Summ/Erth      8%         N/A       69%         4
 Lehudib's Crystal Spear  Conj/Erth      8%         10d4      100%        8


Dungeon Overview and Level Annotations

Branches:
Dungeon (4/15)
 Temple: D:4-7

Annotations:
D:4 Dowan


Innate Abilities, Weirdness & Mutations

You have an increased reservoir of magic. (+10% MP)
You shall have no god before yourself.
Your divine heritage dramatically boosts your attributes as you level up.


Message History

You take 1 damage, and have 21/38 hp.
You now have 11/13 mp.
The searing ray misses Dowan.
Dowan points at you and mumbles some strange words.
The puff of frost hits you!
* * * LOW HITPOINT WARNING * * *
You take 9 damage, and have 12/38 hp.
MASSIVE DAMAGE!!
You now have 10/13 mp.
The searing ray hits Dowan.
Dowan is lightly wounded.
Dowan hits you with a +0 dagger.
* * * LOW HITPOINT WARNING * * *
You take 6 damage, and have 6/38 hp.
You now have 9/13 mp.
The searing ray hits Dowan!
Dowan is heavily wounded.
You finish channelling your searing ray.
Dowan closely misses you.
You now have 8/13 mp.
Casting: Searing Ray (safe; 1% risk of failure)
Confirm with . or Enter, or press ? or * to list all spells.
Aiming: Searing Ray (safe; 1% risk of failure)
Press: ? - help, Shift-Dir - straight line, f/p - Dowan
Aim: Dowan, wielding a +0 dagger and wearing a +1 robe of willpower (heavily wounded, 71% to hit)
The searing ray misses Dowan. (Press . to maintain the ray.) Dowan misses you.
You now have 6/13 mp.
The searing ray hits Dowan.
Dowan is severely wounded.
Dowan hits you but does no damage.
You now have 5/13 mp.
The searing ray hits Dowan.
Dowan is almost dead.
Dowan hits you with a +0 dagger.
* * * LOW HITPOINT WARNING * * *
You take 4 damage, and have 3/38 hp.
You now have 4/13 mp.
The searing ray hits Dowan but does no damage.
Dowan is almost dead.
You finish channelling your searing ray.
Dowan casts a spell at you. The puff of flame hits you!
You die...

#.....#≈ .≈# ##'####§.
§§##### ......#≈..
.§§#...#
......#≈..#######..§#...#
......#≈.......§§.e≈#...#
#.....#≈.......§.§.≈#...#
#.....#≈≈≈≈≈≈.≈§≈§≈≈#...#
......#######'#######...#
......†..#......@e......#
#........#......##......#
#........#......##<.....#
+........#......#.......#
#.......##......#.......#
#.......##......#.......#
#.......'.......#.......#
#.......#.......#.......#
#.......#.......#.......#


You could see Dowan.

Vanquished Creatures
  A hound (D:4)
  2 iguanas (D:4)
  An orc wizard (D:3)
  5 gnolls
  2 adders
  A worm (D:4)
  4 dart slugs
  4 orcs (D:3)
  6 ball pythons
  10 endoplasms
  3 giant cockroaches
  5 goblins
  6 hobgoblins
  2 quokkas (D:1)
  5 bats
  4 frilled lizards
  3 kobolds
  4 rats
68 creatures vanquished.

Notes
Turn   | Place    | Note
-------+----------+-------------------------------------------
     0 | D:1      | spardeous the Demigod Conjurer began the quest for the Orb.
     0 | D:1      | Reached XP level 1. HP: 14/14 MP: 5/5
   246 | D:1      | Reached XP level 2. HP: 20/20 MP: 0/7
   573 | D:1      | Reached skill level 4 in Conjurations
  1522 | D:2      | Reached XP level 3. HP: 26/26 MP: 5/9
  2600 | D:3      | Reached XP level 4. HP: 2/33 MP: 2/11
  2704 | D:3      | Learned a level 2 spell: Searing Ray
  3417 | D:4      | Reached XP level 5. HP: 38/38 MP: 10/13
  3454 | D:4      | Reached skill level 5 in Conjurations
  3865 | D:4      | Noticed Dowan
  3967 | D:4      | Killed from afar by Dowan

Illustrated notes

Levels and vault maps discovered:
D:1:      dpeg_arrival_round_c, layout_basic
D:2:      layout_basic, basic_ecumenical_altar
D:3:      layout_loops_corners
D:4:      layout_gridville, elyvilon_altar_5, chequers_serial_rivers_micro_c,
          kennysheep_path_1, uniq_duvessa

Skill      XL: |  1  2  3  4  5 |
---------------+----------------+-----
Spellcasting   | 2 3 |  3.9
Conjurations   | 4 5 |  5.2
Dodging        | |  1.7
Stealth        | |  1.7

Action                     |  1- 3 |  4- 6 || total
---------------------------+-------+-------++-------
  Melee: Unarmed           |    10 |       ||    10
   Cast: Magic Dart        |   102 |    38 ||   140
         Searing Ray       |       |    10 ||    10
 Armour: Robe              |     2 |     1 ||     3
  Dodge: Dodged            |    10 |    10 ||    20
